 Dungeon Crawl Stone Soup version 0.18-a0-1036-g7ac1859 (webtiles) character file.

79 Jmtri7 the Shield-Bearer (level 4, 0/35 HPs)
             Began as a Formicid Fighter on Jan 9, 2016.
             Slain by Grinder (3 damage)
             ... on level 3 of the Dungeon.
             The game lasted 00:06:17 (1801 turns).

Jmtri7 the Shield-Bearer (Formicid Fighter)         Turns: 1801, Time: 00:06:17

Health: 0/35       AC:  7    Str: 21    XL:     4   Next: 64%
Magic:  4/4        EV:  8    Int:  8    God:
Gold:   130        SH: 14    Dex: 10    Spells: 0 memorised, 3 levels left

rFire  . . .     SeeInvis +     a - +0 war axe
rCold  . . .     Gourm    .     b - +0 scale mail
rNeg   . . .     Faith    .     c - +0 shield
rPois  .         Spirit   .     (helmet unavailable)
rElec  .         Dismiss  .     (no cloak)
rCorr  .         Reflect  +     (no gloves)
SustAt .         Harm     .     (no boots)
MR     .....                    o - +4 amulet of reflection
Stlth  ..........               (no ring)
                                i - ring of wizardry

@: not resistant to hostile enchantments, extremely unstealthy
A: permanent stasis, dig shafts and tunnels, four strong arms, antennae 3
a: Dig, Shaft Self


You were on level 3 of the Dungeon.
You were very hungry.

You visited 1 branch of the dungeon, and saw 3 of its levels.

You collected 130 gold pieces.

Inventory:

Hand Weapons
 a - a +0 war axe (weapon)
Armour
 b - a +0 scale mail (worn)
 c - a +0 shield (worn)
Jewellery
 i - a ring of wizardry (left hand)
 o - a +4 amulet of reflection (around neck)
Scrolls
 e - a scroll of identify {unknown}
 g - a scroll of fog {unknown}
 j - a scroll of random uselessness {unknown}
 n - a scroll of remove curse {unknown}
 q - a scroll of noise {unknown}
Potions
 d - 2 potions of might
 k - a potion of agility {unknown}
 l - 3 potions of brilliance {unknown}
 p - a potion of poison {unknown}
 r - a potion of ambrosia {unknown}
Comestibles
 f - 2 bread rations
 h - 2 meat rations
 m - 3 chunks of flesh


   Skills:
 - Level 3.2 Fighting
 - Level 2.0 Axes
 + Level 4.5 Armour
 + Level 5.0 Shields


You had 3 spell levels left.
You didn't know any spells.

Dungeon Overview and Level Annotations

Branches:
Dungeon (3/15)

Altars:
Dithmenos
Pakellas
Yredelemnul

Annotations:
D:3 Grinder


Innate Abilities, Weirdness & Mutations

You are under a permanent stasis effect.
You can dig through walls and to a lower floor.
Your four strong arms can wield two-handed weapons with a shield.
You have a pair of large antennae on your head (SInv).


Message History

Your stasis keeps you stable.
You closely miss Grinder.
Grinder gestures.
Grinder blinks!
Grinder gestures at you.
Your stasis keeps you stable.
Grinder gestures at you. You resist with significant effort.
Grinder gestures at you. Pain shoots through your body!
Grinder gestures at you.
You barely resist. You barely miss Grinder. Grinder hits you.
You writhe in agony.
You closely miss Grinder. Grinder hits you.
You writhe in agony.
* * * LOW HITPOINT WARNING * * *
Grinder gestures at you. Pain shoots through your body!
* * * LOW HITPOINT WARNING * * *
You closely miss Grinder. Grinder hits you.
You die...

## . #. .### ####
..##
#....######..####.###
#.....@5.........
#########..#....
#####.#.####.
##.......(....
##....)........
#..[...........
#..............
#...†..........
#..............


You could see Grinder.

Vanquished Creatures
  4 adders
  A worm (D:2)
  2 giant geckos (D:2)
  A ball python (D:1)
  5 giant cockroaches
  7 goblins
  2 hobgoblins
  7 kobolds
  3 bats
  2 giant newts (D:1)
  6 rats
  A bush (D:2)
41 creatures vanquished.

Notes
Turn   | Place    | Note
--------------------------------------------------------------
     0 | D:1      | Jmtri7 the Formicid Fighter began the quest for the Orb.
     0 | D:1      | Reached XP level 1. HP: 18/18 MP: 1/1
   157 | D:1      | Reached skill level 4 in Shields
   157 | D:1      | Reached XP level 2. HP: 18/24 MP: 2/2
   611 | D:1      | Reached XP level 3. HP: 29/29 MP: 3/3
   901 | D:2      | Found a faded altar to an unknown god.
   963 | D:2      | Reached XP level 4. HP: 12/35 MP: 4/4
  1266 | D:2      | Found a basalt altar of Yredelemnul.
  1267 | D:2      | Found a shadowy altar of Dithmenos.
  1267 | D:2      | Found an oddly glowing altar of Pakellas.
  1774 | D:3      | Reached skill level 5 in Shields
  1789 | D:3      | Noticed Grinder
  1801 | D:3      | Slain by Grinder

Vault maps used:
D:1:      lightli_arrival_statue_moat, roderic_chinese_pattern_swastika
D:2:      gammafunk_temple_overflow_forgotten, ecumenical_altar_1
D:3:      minmay_goblin_kobold_castle, nicolae_gozag_seed_capital, uniq_grinder,
          uniq_jessica

Action                   |  1- 3 |  4- 6 || total
-------------------------+-------+-------++-------
Melee: War axe           |    62 |   122 ||   184
  Eat: Chunk             |       |     2 ||     2
